 Dungeon Crawl Stone Soup version 0.27-a0-1217-g8a41f320e8 (webtiles) character file.

Game seed: 8106941739335025452

7 Glokmah the Chiller (level 1, 14/14 HPs)
             Began as a Demonspawn Ice Elementalist on June 6, 2021.
             Was a Follower of Yredelemnul.
             Quit the game on level 1 of the Dungeon.
             The game lasted 00:00:53 (727 turns).

Glokmah the Chiller (Demonspawn Ice Elementalist)    Turns: 727, Time: 00:00:53

Health: 14/14      AC:  2    Str:  8    XL:     1   Next: 91%
Magic:  3/3        EV: 12    Int: 16    God:    Yredelemnul [*.....]
Gold:   11         SH:  0    Dex: 13    Spells: 3/4 levels left

rFire    . . .     SeeInvis .   d - +0 hand axe
rCold    . . .     Faith    .   (no shield)
rNeg     . . .     Spirit   .   a - +0 robe
rPois    .         Reflect  .   (no helmet)
rElec    .         Harm     .   (no cloak)
rCorr    +         Rampage  .   (no gloves)
Will     .....                  (no boots)
Stlth    ++........             (no amulet)
HPRegen  0.04/turn              c - ring of resist corrosion
MPRegen  0.08/turn              (no ring)

@: no status effects
A: no striking features
a: Renounce Religion, Animate Remains


You were on level 1 of the Dungeon.
You worshipped Yredelemnul.
Yredelemnul was aware of your devotion.
You visited 1 branch of the dungeon, and saw 1 of its levels.

You collected 11 gold pieces.

Inventory:

Hand Weapons
 d - a +0 hand axe (weapon)
Armour
 a - a +0 robe (worn)
Jewellery
 c - a ring of resist corrosion (left hand)
Scrolls
 b - a scroll of immolation {unknown}
 e - 2 scrolls of identify {unknown}


   Skills:
 + Level 0.5 Fighting
 - Level 1.7 Dodging
 - Level 1.7 Stealth
 + Level 2.1 Spellcasting
 * Level 3.8 Ice Magic


You had 3 spell levels left.
You knew the following spells:

 Your Spells              Type           Power      Damage    Failure   Level
a - Freeze                Ice            56%        1d7       4%          1

Your spell library contained the following spells:

 Spells                   Type           Power      Damage    Failure   Level
 Frozen Ramparts          Ice            28%        1d4       13%         3
 Ozocubu's Armour         Ice            14%        N/A       13%         3
 Hailstorm                Conj/Ice       7%         3d4       67%         4
 Metabolic Englaciation   Hex/Ice        3%         N/A       95%         5


Dungeon Overview and Level Annotations

Branches:
Dungeon (1/15)

Altars:
Yredelemnul

Shops:
D:1 [


Message History

That would be overly suicidal.
Okay, then.
The bat closely misses you. x2
Casting: Freeze (safe; 4% risk of failure)
Confirm with . or Enter, or press ? or * to list all spells.
Aiming: Freeze (safe; 4% risk of failure)
Press: ? - help, Shift-Dir - straight line, f - you
Okay, then.
The bat hits you but does no damage.
You barely miss the bat. The bat closely misses you.
The bat closely misses you. The bat hits you but does no damage.
The bat barely misses you.
You hit the bat but do no damage. The bat hits you but does no damage.
The bat hits you.
You hit the bat.
The bat is moderately wounded.
The bat barely misses you. x2
You closely miss the bat.
The bat is moderately wounded.
The bat barely misses you. x2
You hit the bat.
You kill the bat!
No target in view!
No target in view!
There is an open door here.
e - 2 scrolls labelled VOSSAI TENEL (gained 1)
Found a stone staircase leading down.
There is a stone staircase leading down here.
There is a staircase leading out of the dungeon here.
Found a stone staircase leading down.
Found a faded altar of an unknown god.
Found 10 stones.
Found 12 poisoned darts.
There is a faded altar of an unknown god here.
You cannot tell which god this altar belongs to.
Convert to them anyway?
Yredelemnul accepts your prayer! Yredelemnul welcomes you!
You can now animate remains.
Are you sure you want to abandon this character and quit the game? (Confirm with "yes".)

##...###.#.### .# #..
#.#.#.## .. .# ..#
#.##.##.# ... (.# ..
..###.###.
....####.##.##..##...##.
....(...........#.....#.
.......♣....#. .........
......♣.♣...# #####....
♣.@.♣..# #######
#..♣.♣...# #.#####
#...♣....## #......
#.........#####.#####
#..###.#........### #
#.# #...######.#.###
..........# #.##......
## ######## #.##.#.###
#.######


There were no monsters in sight!

Vanquished Creatures
  A bat (D:1)
  2 endoplasms (D:1)
  2 goblins (D:1)
  2 ball pythons (D:1)
7 creatures vanquished.

Notes
Turn   | Place    | Note
-------+----------+-------------------------------------------
     0 | D:1      | Glokmah the Demonspawn Ice Elementalist began the quest for
                  | the Orb.
     0 | D:1      | Reached XP level 1. HP: 13/13 MP: 3/3
   358 | D:1      | Found Naequpo's Antique Armour Boutique.
   717 | D:1      | Found a faded altar of an unknown god.
   726 | D:1      | Became a worshipper of Yredelemnul the Dark
   726 | D:1      | Reached * piety under Yredelemnul
   727 | D:1      | Quit the game

Illustrated notes

Levels and vault maps discovered:
D:1:      roderic_crossed_star, layout_basic, serial_shops, shop,
          chequers_ecumenical_altar_simple_redux, kennysheep_pointless_box,
          minmay_curled_crystal, minmay_misc_feat_more_columns,
          grunt_decor_fettered, amcnicky_mini_pool_small, minmay_hexomino_c4

Action                   || total
-------------------------++-------
Melee: Hand axe          ||    11
 Cast: Freeze            ||     7
Armor: Robe              ||     5
Dodge: Dodged            ||    17

Table legend: (Time is in decaauts)
 A = Elapsed time spent in this place.
 B = Non-inter-level travel time spent in this place.
 C = Inter-level travel time spent in this place.
 D = Time resting spent in this place.
 E = Time spent auto-exploring this place.
 F = Levels seen in this place.
 G = Mean time per level.
                   A        B        C        D        E       F      G
               +--------+--------+--------+--------+--------+-----+--------+
         Total |    729 |    729 |      0 |      0 |    616 |   1 |  729.0 |
       Dungeon |    729 |    729 |      0 |      0 |    616 |   1 |  729.0 |
               +--------+--------+--------+--------+--------+-----+--------+

Top non-repeatable levels by time:
     D:1: 729 daAuts
